 Dungeon Crawl Stone Soup version 0.19.5 (webtiles) character file.

290 Neder the Chopper (level 6, 30/47 HPs)
             Began as a Demonspawn Berserker on Apr 15, 2017.
             Was a Believer of Trog.
             Quit the game on level 4 of the Dungeon.
             The game lasted 00:06:33 (3047 turns).

Neder the Chopper (Demonspawn Berserker)            Turns: 3047, Time: 00:06:34

Health: 30/47      AC: 12    Str: 20    XL:     6   Next: 9%
Magic:  6/6        EV:  9    Int: 11    God:    Trog [**....]
Gold:   254        SH:  0    Dex: 12    Spells: 0 memorised, 5 levels left

rFire  . . .     SeeInvis .     a - +0 hand axe
rCold  . . .     Gourm    .     A - +0 plate armour
rNeg   . . .     Faith    .     (no shield)
rPois  .         Spirit   .     (helmet restricted)
rElec  .         Reflect  .     v - +1 cloak
rCorr  .         Harm     .     (no gloves)
MR     .....                    (no boots)
Stlth  ..........               (no amulet)
                                u - +3 ring of intelligence
                                i - ring of loudness (curse)

@: no status effects
A: horns 1, repulsion field 2, nightstalker 1
a: Berserk, Trog's Hand, Burn Spellbooks, Renounce Religion


You were on level 4 of the Dungeon.
You worshipped Trog.
Trog was pleased with you.
You were very hungry.

You visited 1 branch of the dungeon, and saw 4 of its levels.

You collected 254 gold pieces.

Inventory:

Hand Weapons
 a - a +0 hand axe (weapon)
Armour
 v - a +1 cloak (worn)
 A - a +0 plate armour (worn)
Jewellery
 i - a cursed ring of loudness (left hand)
 p - an uncursed ring of stealth
 u - a +3 ring of intelligence (right hand)
Wands
 z - a wand of flame (41/48)
Scrolls
 b - a scroll of fear
 d - a scroll of enchant armour
 e - 3 scrolls of recharging
 m - a scroll of remove curse {unknown}
 n - a scroll of fog {unknown}
 r - 2 scrolls of magic mapping {unknown}
 s - 3 scrolls of identify {unknown}
 t - 2 scrolls of amnesia {unknown}
Potions
 h - 4 potions of curing {unknown}
 j - a potion of flight {unknown}
 k - a potion of agility {unknown}
 o - a potion of heal wounds {unknown}
 w - a potion of haste {unknown}
Comestibles
 c - 3 bread rations
 f - 3 beef jerkies
 g - 4 meat rations
 q - 5 fruits


   Skills:
 - Level 3.0 Fighting
 + Level 6.2 Axes
 - Level 1.7 Armour
 - Level 1.7 Dodging


You had 5 spell levels left.
You didn't know any spells.

Dungeon Overview and Level Annotations

Branches:
Dungeon (4/15)
 Temple: D:4-7

Altars:
Okawaru
Qazlal

Shops:
D:4 (


Innate Abilities, Weirdness & Mutations

You have a pair of small horns on your head.
You are surrounded by a moderate repulsion field. (EV +3)
You are slightly more attuned to the shadows.


Message History

The iguana bites you.
You hit the iguana. You headbutt the iguana!
You kill the iguana!
Trog accepts your kill.
You have reached level 6!
Your experience leads to an increase in your attributes!
Your base attributes are Str 19, Int 8, Dex 12.
Increase (S)trength, (I)ntelligence, or (D)exterity?
You feel stronger.
Your demonic ancestry asserts itself...
You slip into the darkness of the dungeon.
Quiver which item? (- for none, * to show all) (? for menu, Esc to quit)
Okay, then.
Quiver which item? (- for none, * to show all) (? for menu, Esc to quit)
You don't have any such object.
Quiver which item? (- for none, * to show all) (? for menu, Esc to quit)
Huh?
Quiver which item? (- for none, * to show all) (? for menu, Esc to quit)
Okay, then.
Unknown command.
Are you sure you want to abandon this character and quit the game? (Confirm with "yes".)

......# #............##.##.
##..####.. #............##.##.
.......... ######.......##.##.
...>...... #...........##....
.......... #.....#####.#..#..
.#######.. #.....# #.##.#..
.'...# . #.....# #.##.#..
.###.# #+######.....# #.##.#..
.# #.# #.##...'@.[..# #.##.#..
.#
#.####.##.###.[...#####'#.....
.###.........#
#................#
..######.....#
##+###...........#
..##.....###'####
#...........#
..##............#
#...........#
####............#
#...........#
...+≈.≈.........+
#...........#
###≈≈.≈≈........#
#...........#


There were no monsters in sight!

Vanquished Creatures
  An ogre (D:4)
  An orc wizard (D:3)
  2 iguanas (D:4)
  3 adders
  3 oozes
  A worm (D:2)
  2 leopard geckos (D:2)
  6 orcs (D:3)
  3 ball pythons
  3 giant cockroaches
  12 goblins
  5 hobgoblins
  10 jackals
  6 kobolds
  5 bats
  5 frilled lizards
  7 rats
75 creatures vanquished.

Vanquished Creatures (others)
  A goblin (D:1)
1 creature vanquished.

Grand Total: 76 creatures vanquished

Notes
Turn   | Place    | Note
-------+----------+-------------------------------------------
     0 | D:1      | Neder the Demonspawn Berserker began the quest for the Orb.
     0 | D:1      | Reached XP level 1. HP: 18/18 MP: 1/1
    11 | D:1      | Reached skill level 3 in Axes
    67 | D:1      | Gained mutation: You are surrounded by a mild repulsion field. (EV +2) [demonic ancestry]
    67 | D:1      | Reached XP level 2. HP: 8/24 MP: 2/2
   601 | D:1      | Gained mutation: You have a pair of small horns on your head. [demonic ancestry]
   601 | D:1      | Reached XP level 3. HP: 14/29 MP: 3/3
   964 | D:1      | Reached ** piety under Trog
  1101 | D:2      | Reached skill level 4 in Axes
  1182 | D:2      | Found a stormy altar of Qazlal.
  1579 | D:2      | Gained mutation: You are surrounded by a moderate repulsion field. (EV +3) [demonic ancestry]
  1579 | D:2      | Reached XP level 4. HP: 35/35 MP: 4/4
  1916 | D:3      | Found an iron altar of Okawaru.
  2333 | D:3      | Reached skill level 5 in Axes
  2346 | D:3      | Reached XP level 5. HP: 32/41 MP: 5/5
  2762 | D:4      | Noticed an ogre
  2782 | D:4      | Killed an ogre
  2782 | D:4      | Reached skill level 6 in Axes
  3011 | D:4      | Found Jyluroor's Antique Weapon Boutique.
  3046 | D:4      | Gained mutation: You are slightly more attuned to the shadows. [demonic ancestry]
  3046 | D:4      | Reached XP level 6. HP: 30/47 MP: 6/6
  3047 | D:4      | Quit the game

Skill      XL: |  1  2  3  4  5 |
---------------+----------------+-----
Axes           | 3 4 5 6 |  6.2
Fighting       | |  3.0
Armour         | |  1.7
Dodging        | |  1.7

Action                   |  1- 3 |  4- 6 || total
-------------------------+-------+-------++-------
Melee: Hand axe          |   148 |   102 ||   250
       Headbutt          |     6 |    20 ||    26
Invok: Berserk           |     1 |     1 ||     2
  Use: Scroll            |       |     4 ||     4
  Eat: Chunk             |     2 |     4 ||     6
       Pizza             |       |     1 ||     1
Armor: Animal skin       |     6 |       ||     6
       Scale mail        |    51 |     6 ||    57
       Chain mail        |       |    37 ||    37
       Plate armour      |       |     3 ||     3
Dodge: Dodged            |   113 |    50 ||   163
